 Dungeon Crawl Stone Soup version 0.29-a0-284-gf9362112df (webtiles) character file.

Game seed: 9739822644971832963

64 sammy202020 the Skirmisher (level 3, -1/31 HPs)
             Began as a Palentonga Fighter on Mar 21, 2022.
             Was an Initiate of Okawaru.
             Slain by a goblin
             ... wielding a +0 dagger
             ... led by Robin
              (2 damage)
             ... on level 2 of the Dungeon.
             The game lasted 00:03:17 (1893 turns).

sammy202020 the Skirmisher (Palentonga Fighter)     Turns: 1893, Time: 00:03:17

Health: -1/31      AC:  9    Str: 19    XL:     3   Next: 91%
Magic:  3/3        EV:  5    Int: 10    God:    Okawaru [......]
Gold:   153        SH:  4    Dex:  9    Spells: 2/2 levels left

rFire   + + .      SeeInvis +   a - +0 flail
rCold   + . .      Faith    .   c - +0 buckler
rNeg    . . .      Spirit   .   h - +0 chain mail
rPois   .          Reflect  .   s - +0 helmet
rElec   .          Harm     .   r - scarf {rC+ rF+}
rCorr   .          Rampage  .   (no gloves)
Will    .....                   (no barding)
Stlth   ..........              i - amulet of the acrobat
HPRegen 0.10/turn               q - ring of protection from fire
MPRegen 0.08/turn               (no ring)

@: mighty
A: large, rugged brown scales 3, see invisible, deformed body, roll 1, armoured
tail
a: Rolling Charge, Renounce Religion


You were on level 2 of the Dungeon.
You worshipped Okawaru.
Okawaru was noncommittal.
You visited 1 branch of the dungeon, and saw 2 of its levels.

You collected 153 gold pieces.

Inventory:

Hand Weapons
 a - a +0 flail (weapon)
Armour
 c - a +0 buckler (worn)
 h - a +0 chain mail (worn)
 r - a scarf of resistance (worn)
 s - a +0 helmet (worn)
Jewellery
 i - an amulet of the acrobat (around neck)
 j - a ring of magical power
 q - a ring of protection from fire (left hand)
Scrolls
 e - a scroll of enchant weapon {unknown}
 f - 2 scrolls of silence {unknown}
 g - a scroll of teleportation {unknown}
 k - a scroll of blinking {unknown}
 l - a scroll of identify {unknown}
 o - a scroll of amnesia {unknown}
 t - a scroll of enchant armour {unknown}
Potions
 b - a potion of invisibility {unknown}
 m - a potion of brilliance {unknown}
 n - 4 potions of curing {unknown}
 p - a potion of haste {unknown}


   Skills:
 * Level 3.4 Fighting
 * Level 2.6 Maces & Flails
 * Level 2.9 Armour
 + Level 0.6 Dodging
 * Level 2.8 Shields


You had 2 spell levels left.
You didn't know any spells.
Your spell library was empty.

Dungeon Overview and Level Annotations

Branches:
Dungeon (2/15)

Altars:
Okawaru

Annotations:
D:2 Robin


Innate Abilities, Weirdness & Mutations

You are completely covered in rugged brown scales. (AC +3, +7% HP)
You have supernaturally acute eyesight. (SInv)
Armour fits poorly on your strangely shaped body.
You can roll at nearby foes to attack.
You have a long armoured tail.


Message History

Robin zaps a wand.
Some rock shatters into small pieces.
The goblin hits you but does no damage.
The hobgoblin hits you but does no damage.
The goblin barely misses you. The hobgoblin hits you.
You barely miss the hobgoblin. The goblin barely misses you.
The hobgoblin hits you but does no damage.
You barely miss the hobgoblin.
Your tail-slap misses the hobgoblin.
The goblin barely misses you.
The hobgoblin hits you but does no damage.
You barely miss the hobgoblin.
Robin zaps a wand.
Some rock shatters into small pieces.
The now-empty wand crumbles to dust.
You block the goblin's attack. The hobgoblin hits you.
Okay, then.
You feel very mighty all of a sudden.
The hobgoblin hits you but does no damage.
The goblin hits you with a +0 dagger.
You sock the hobgoblin!
You kill the hobgoblin!
Okawaru accepts your kill. The goblin hits you with a +0 dagger.
The goblin hits you with a +0 club.
* * * LOW HITPOINT WARNING * * *
The goblin hits you but does no damage.
You closely miss the goblin.
The hobgoblin no longer looks unusually strong.
You block the goblin's attack. The goblin hits you with a +0 dagger.
* * * LOW HITPOINT WARNING * * *
You hit the goblin.
You kill the goblin!
The goblin hits you but does no damage.
You sock Robin!
Robin is severely wounded.
The goblin no longer looks unusually strong.
Robin hits you with a +0 club.
* * * LOW HITPOINT WARNING * * *
The goblin hits you with a +0 dagger.
* * * LOW HITPOINT WARNING * * *
Robin roars a battlecry!
The goblins go into a battle-frenzy!
The goblin hits you with a +0 dagger.
You die...

#.#...............#.......#
#.###########.†...#.#####.#
#.##........#.....#.# #.(.#
#.##.######.#.....#)# #.###
#.##.# #.#.....#.# #.#
.....######.#.....#.# #.#
#...........#.......# #.#
#############..########.#
#<....#......)gg@g......#
....#.#........##########
#.#.#.#..####### ###.#.#
......# ##.#### #.####.#
#......# #.######


You could see Robin, a hobgoblin (strong) and a goblin (strong).

Vanquished Creatures
  A gnoll (D:1)
  2 adders (D:2)
  A worm (D:2)
  2 giant cockroaches
  7 goblins
  2 hobgoblins
  A jackal (D:2)
  4 kobolds
  A quokka (D:1)
  2 ball pythons
  8 bats
  A frilled lizard (D:2)
32 creatures vanquished.

Notes
Turn   | Place    | Note
-------+----------+-------------------------------------------
     0 | D:1      | sammy202020 the Palentonga Fighter began the quest for the
                  | Orb.
     0 | D:1      | Reached XP level 1. HP: 19/19 MP: 1/1
   242 | D:1      | Found a faded altar of an unknown god.
   574 | D:1      | Reached XP level 2. HP: 19/25 MP: 2/2
  1134 | D:2      | Reached XP level 3. HP: 19/31 MP: 3/3
  1346 | D:2      | Found an iron altar of Okawaru.
  1357 | D:2      | Became a worshipper of Warmaster Okawaru
  1878 | D:2      | Noticed Robin
  1893 | D:2      | HP: 1/31 [goblin/+0 dagger[Robin] (3)]
  1893 | D:2      | Slain by a goblin

Illustrated notes

Levels and vault maps discovered:
D:1:      tarquinn_simple_flora_water_e, layout_loops_corners,
          ebering_ecumenical_altar_hall
D:2:      layout_basic, basic_altar, minmay_heptomino_h4, uniq_robin

Action                   || total
-------------------------++-------
Melee: Flail             ||    95
       Tailslap          ||    10
  Use: Potion            ||     1
Armor: Chain mail        ||    58
       Scale mail        ||     2
Dodge: Dodged            ||    32
Block: Buckler           ||    19

Table legend: (Time is in decaauts)
 A = Elapsed time spent in this place.
 B = Non-inter-level travel time spent in this place.
 C = Inter-level travel time spent in this place.
 D = Time resting spent in this place.
 E = Time spent auto-exploring this place.
 F = Levels seen in this place.
 G = Mean time per level.
                   A        B        C        D        E       F      G
               +--------+--------+--------+--------+--------+-----+--------+
         Total |   1920 |   1854 |     66 |      0 |   1543 |   2 |  960.0 |
       Dungeon |   1920 |   1854 |     66 |      0 |   1543 |   2 |  960.0 |
               +--------+--------+--------+--------+--------+-----+--------+

Top non-repeatable levels by time:
     D:1: 1136 daAuts
     D:2: 784 daAuts
